 Dungeon Crawl Stone Soup version 0.24.0-37-gcf1ca852f1 (webtiles) character file.

Game seed: 2250113896518426367, levelgen mode: deterministic

155 polelong the Charmwright (level 5, -5/43 HPs)
             Began as a Gnoll Skald on Dec 4, 2019.
             Was a Follower of Dithmenos.
             Killed by nerve-wracking pain
             ... invoked by a shadow imp
              (11 damage)
             ... on level 4 of the Dungeon.
             The game lasted 00:22:28 (2225 turns).

polelong the Charmwright (Gnoll Skald)              Turns: 2225, Time: 00:22:28

Health: -5/43      AC:  3    Str: 14    XL:     5   Next: 37%
Magic:  6/12       EV: 14    Int: 15    God:    Dithmenos [*.....]
Gold:   136        SH:  0    Dex: 15    Spells: 3/14 levels left

rFire    . . .     SeeInvis .   a - +0 spear
rCold    . . .     Gourm    .   (no shield)
rNeg     . . .     Faith    .   o - +0 leather armour (curse)
rPois    .         Spirit   .   (no helmet)
rElec    .         Reflect  .   (no cloak)
rCorr    .         Harm     .   (no gloves)
MR       .....                  (no boots)
Stlth    +++.......             (no amulet)
HPRegen  0.14/turn              f - ring of stealth
MPRegen  0.13/turn              (no ring)

@: very slightly contaminated, wreathed by umbra
A: distributed training, fangs 1, strong nose
a: Renounce Religion


You were on level 4 of the Dungeon.
You worshipped Dithmenos.
Dithmenos was aware of your devotion.
You were very hungry.

You visited 1 branch of the dungeon, and saw 4 of its levels.

You collected 136 gold pieces.

Inventory:

Hand Weapons
 a - a +0 spear (weapon)
Armour
 o - a cursed +0 leather armour (worn)
Jewellery
 f - a ring of stealth (left hand)
Scrolls
 c - a scroll of amnesia
 e - 3 scrolls of identify
 i - a scroll of fog {unknown}
 m - a scroll of blinking {unknown}
Potions
 g - 3 potions of degeneration
 h - a potion of berserk rage {unknown}
 j - a potion of cancellation {unknown}
 k - a potion of heal wounds {unknown}
 l - a potion of brilliance {unknown}
 n - a potion of mutation {unknown}
Comestibles
 d - 7 rations


   Skills:
 + Level 4.7 Fighting
 + Level 1.4 Short Blades
 + Level 1.4 Long Blades
 + Level 1.4 Axes
 + Level 1.4 Maces & Flails
 + Level 4.7 Polearms
 + Level 1.4 Staves
 + Level 1.4 Slings
 + Level 1.4 Bows
 + Level 1.4 Crossbows
 + Level 1.4 Throwing
 + Level 2.9 Armour
 + Level 4.7 Dodging
 + Level 1.4 Stealth
 + Level 1.4 Shields
 + Level 1.4 Unarmed Combat
 + Level 5.2 Spellcasting
 + Level 1.1 Conjurations
 + Level 1.1 Hexes
 + Level 5.5 Charms
 + Level 1.1 Summonings
 + Level 1.1 Necromancy
 + Level 1.1 Translocations
 + Level 1.1 Transmutations
 + Level 1.1 Fire Magic
 + Level 1.1 Ice Magic
 + Level 1.1 Air Magic
 + Level 1.1 Earth Magic
 + Level 1.1 Poison Magic
 + Level 1.6 Invocations
 + Level 1.4 Evocations


You had 3 spell levels left.
You knew the following spells:

 Your Spells              Type           Power        Failure   Level  Hunger
a - Infusion              Chrm           ###.         1%          1    None
b - Song of Slaying       Chrm           ###.....     3%          2    ##.....
c - Shroud of Golubria    Chrm/Tloc      ##....       8%          2    ##.....
d - Regeneration          Chrm/Necr      ##........   16%         3    ###....
e - Spectral Weapon       Hex/Chrm       ##......     16%         3    ###....

Your spell library contained the following spells:

 Spells                   Type           Power        Failure   Level  Hunger


Dungeon Overview and Level Annotations

Branches:
Dungeon (4/15)             Temple (0/1) D:4

Altars:
Dithmenos


Innate Abilities, Weirdness & Mutations

Your experience applies equally to all skills.
You have very sharp teeth.
Your uncanny sense of smell can sniff out nearby items.


Message History

The gnoll hits you with a +0 halberd!
* * * LOW HITPOINT WARNING * * *
The shadow imp barely misses you.
The shadow imp shouts, "Slither away, thou bootless tickle-brained wagtail!"
The gnoll closely misses you.
The shadow imp hits your spectral weapon.
Your spectral weapon shares its damage with you!
* * * LOW HITPOINT WARNING * * *
Items here: )) †† a +0 spear; a +0 giant club; a gnoll corpse; an ogre corpse
Found 23 arrows.
Casting: Spectral Weapon (safe; 16% risk of failure)
Confirm with . or Enter, or press ? or * to list all spells.
You miscast Regeneration.
You are very lightly contaminated with residual magic.
You feel a strange surge of energy!
You are feeling very hungry.
The shadow imp gestures at you. Pain shoots through your body!
You die...

...#./......###..
......$.(.........
..........[#.....#
#.......)###..>..#
###.....5†.#.....#
#...............
#........g.###..
###......(..# .
####...@..#
#...####......
#.....# ......
##..... ....##
#..(## ... #....
.. .... #


You could see a gnoll, a shadow imp and a friendly spectral +0 spear.

Vanquished Creatures
  An ogre (D:4)
  2 gnolls (D:4)
  An adder (D:3)
  A worm (D:2)
  A dart slug (D:3)
  A leopard gecko (D:2)
  A ball python (D:1)
  3 bats
  4 giant cockroaches
  5 goblins
  3 hobgoblins
  3 jackals (D:2)
  6 kobolds
  A quokka (D:3)
  2 frilled lizards
  7 rats
42 creatures vanquished.

Notes
Turn   | Place    | Note
-------+----------+-------------------------------------------
     0 | D:1      | polelong the Gnoll Skald began the quest for the Orb.
     0 | D:1      | Reached XP level 1. HP: 20/20 MP: 6/6
    63 | D:1      | Reached XP level 2. HP: 22/26 MP: 7/7
   559 | D:2      | Reached XP level 3. HP: 16/31 MP: 6/9
   565 | D:2      | Reached skill level 5 in Spellcasting
   887 | D:2      | Learned a level 2 spell: Song of Slaying
   890 | D:2      | Learned a level 2 spell: Shroud of Golubria
   894 | D:2      | Learned a level 3 spell: Regeneration
   898 | D:2      | Learned a level 3 spell: Spectral Weapon
   905 | D:2      | Found a faded altar of an unknown god.
   946 | D:2      | Became a worshipper of Dithmenos the Shadowed
   946 | D:2      | Reached * piety under Dithmenos
  1356 | D:3      | Reached skill level 1 in Invocations
  1765 | D:3      | Reached skill level 1 in Short Blades
  1765 | D:3      | Reached skill level 1 in Long Blades
  1765 | D:3      | Reached skill level 1 in Axes
  1765 | D:3      | Reached skill level 1 in Maces & Flails
  1765 | D:3      | Reached skill level 1 in Staves
  1765 | D:3      | Reached skill level 1 in Slings
  1765 | D:3      | Reached skill level 1 in Bows
  1765 | D:3      | Reached skill level 1 in Crossbows
  1765 | D:3      | Reached skill level 1 in Throwing
  1765 | D:3      | Reached skill level 1 in Stealth
  1765 | D:3      | Reached skill level 1 in Shields
  1765 | D:3      | Reached skill level 1 in Unarmed Combat
  1765 | D:3      | Reached skill level 1 in Evocations
  2155 | D:4      | Found a staircase to the Ecumenical Temple.
  2173 | D:4      | Noticed an ogre
  2189 | D:4      | Killed an ogre
  2189 | D:4      | Reached skill level 1 in Conjurations
  2189 | D:4      | Reached skill level 1 in Hexes
  2189 | D:4      | Reached skill level 1 in Summonings
  2189 | D:4      | Reached skill level 1 in Necromancy
  2189 | D:4      | Reached skill level 1 in Translocations
  2189 | D:4      | Reached skill level 1 in Transmutations
  2189 | D:4      | Reached skill level 1 in Fire Magic
  2189 | D:4      | Reached skill level 1 in Ice Magic
  2189 | D:4      | Reached skill level 1 in Air Magic
  2189 | D:4      | Reached skill level 1 in Earth Magic
  2189 | D:4      | Reached skill level 1 in Poison Magic
  2189 | D:4      | Reached XP level 4. HP: 26/38 MP: 11/11
  2189 | D:4      | Reached XP level 5. HP: 29/43 MP: 12/12
  2225 | D:4      | Killed from afar by a shadow imp

Levels and vault maps discovered:
D:1:      dpeg_arrival_tiny_a, layout_basic
D:2:      layout_loops_ring, first_ration,
          chequers_ecumenical_altar_simple_redux
D:3:      layout_basic, kennysheep_generic_room_9
D:4:      layout_cave_pools, minmay_temple_entry_tees

Skill      XL: |  1  2  3 |
---------------+----------+-----
Spellcasting   | 5 |  5.2
Invocations    | 1 |  1.6
Short Blades   | 1 |  1.4
Long Blades    | 1 |  1.4
Axes           | 1 |  1.4
Maces & Flails | 1 |  1.4
Staves         | 1 |  1.4
Slings         | 1 |  1.4
Bows           | 1 |  1.4
Crossbows      | 1 |  1.4
Throwing       | 1 |  1.4
Stealth        | 1 |  1.4
Shields        | 1 |  1.4
Unarmed Combat | 1 |  1.4
Evocations     | 1 |  1.4
Conjurations   | 1 |  1.1
Hexes          | 1 |  1.1
Summonings     | 1 |  1.1
Necromancy     | 1 |  1.1
Translocations | 1 |  1.1
Transmutations | 1 |  1.1
Fire Magic     | 1 |  1.1
Ice Magic      | 1 |  1.1
Air Magic      | 1 |  1.1
Earth Magic    | 1 |  1.1
Poison Magic   | 1 |  1.1
Fighting       | |  4.7
Polearms       | |  4.7
Armour         | |  2.9
Dodging        | |  4.7
Charms         | |  5.5

Action                   |  1- 3 |  4- 6 || total
-------------------------+-------+-------++-------
Melee: Spear             |   161 |    10 ||   171
       Bite              |    14 |     3 ||    17
       Punch             |     1 |       ||     1
 Cast: Infusion          |     2 |       ||     2
       Regeneration      |       |     1 ||     1
       Spectral Weapon   |       |     1 ||     1
  Use: Scroll            |     2 |       ||     2
 Stab: Sleeping          |     5 |       ||     5
  Eat: Ration            |     1 |       ||     1
Armor: Leather armour    |    36 |       ||    36
Dodge: Dodged            |   116 |    13 ||   129
